 Dungeon Crawl Stone Soup version 0.29-a0-872-g797fff5ad1 (webtiles) character file.

Game seed: 6119393843952999338

8111 rougesareth the Impaler (level 11, -1/77 HPs)
             Began as a Merfolk Gladiator on July 18, 2022.
             Was a High Priest of Okawaru.
             Slain by a sixfirhy (9 damage)
             ... on level 3 of the Abyss.
             The game lasted 00:13:31 (10492 turns).

rougesareth the Impaler (Merfolk Gladiator)        Turns: 10492, Time: 00:13:31

Health: -1/77      AC: 15    Str: 20    XL:     11   Next: 25%
Magic:  15/15      EV: 14    Int:  7    God:    Okawaru [*****.]
Gold:   572        SH:  5    Dex: 15    Spells: 10/10 levels left

rFire   . . .      SeeInvis .   P - +1 trident (protect)
rCold   + . .      Faith    .   I - +0 buckler
rNeg    . . .      Spirit   .   v - +2 ring mail {rC+}
rPois   .          Reflect  .   c - +0 helmet
rElec   .          Harm     .   R - +1 cloak
rCorr   .          Rampage  .   (no gloves)
Will    .....                   (no boots)
Stlth   +.........              (no amulet)
HPRegen 0.22/turn               C - +4 ring of slaying
MPRegen 0.14/turn               p - +4 ring of protection

@: about to teleport, studying Summonings
A: (nimble swimmer 2), mertail
a: Renounce Religion, Heroism, Finesse, Duel


You were on level 3 of the Abyss.
You worshipped Okawaru.
Okawaru was extremely pleased with you.
You visited 1 branch of the dungeon, and saw 11 of its levels.
You visited the Abyss 1 time.
You also visited: Sewer.

You collected 572 gold pieces.

Inventory:

Hand Weapons
 P - a +1 trident of protection (weapon)
Missiles
 e - 7 javelins (quivered)
 N - 11 poisoned darts
Armour
 c - a +0 helmet (worn)
 v - a +2 ring mail of cold resistance (worn)
 I - a +0 buckler (worn)
 R - a +1 cloak (worn)
Jewellery
 h - a ring of see invisible
 i - a ring of willpower
 l - a ring of willpower
 p - a +4 ring of protection (right hand)
 C - a +4 ring of slaying (left hand)
 V - a ring of protection from fire
Wands
 u - a wand of flame (24)
 x - a wand of roots (19)
 E - a wand of paralysis (15)
 L - a wand of polymorph (4)
 S - a wand of acid (1)
Scrolls
 f - 3 scrolls of noise {unknown}
 g - 4 scrolls of enchant weapon {unknown}
 m - 3 scrolls of magic mapping {unknown}
 n - 5 scrolls of enchant armour {unknown}
 o - 7 scrolls of identify
 w - 2 scrolls of fear {unknown}
 y - 2 scrolls of poison {unknown}
 A - 4 scrolls of teleportation
 F - 2 scrolls of amnesia {unknown}
 G - 2 scrolls of vulnerability {unknown}
 H - a scroll of brand weapon {unknown}
 J - 2 scrolls of summoning {unknown}
 K - 3 scrolls of fog {unknown}
 Q - a scroll of silence {unknown}
 W - a scroll of blinking {unknown}
Potions
 j - 3 potions of might {unknown}
 k - 2 potions of brilliance
 q - 3 potions of cancellation
 s - 4 potions of mutation
 z - 3 potions of haste
 B - 3 potions of flight
 D - a potion of resistance {unknown}
 O - a potion of degeneration {unknown}
 T - 2 potions of attraction {unknown}
 U - a potion of heal wounds {unknown}


   Skills:
 - Level 4.0 Fighting
 * Level 16.0 Polearms
 - Level 2.0 Throwing
 + Level 5.9 Armour
 - Level 8.0 Dodging
 - Level 4.0 Shields
 + Level 5.6 Invocations


You had 10 spell levels left.
You didn't know any spells.
Your spell library contained the following spells:

 Spells                   Type           Power      Damage    Failure   Level
 Freeze                   Ice            0%         1d3       69%         1
 Sandblast                Erth           0%         2d4       69%         1
 Passwall                 Tmut/Erth      0%         N/A       83%         2
 Confusing Touch          Hex            0%         N/A       96%         3
 Conjure Flame            Conj/Fire      0%         6-21      96%         3
 Ignite Poison            Fire/Tmut/Pois 0%         N/A       96%         3
 Stone Arrow              Conj/Erth      0%         3d7       96%         3
 Sticky Flame             Conj/Fire      0%         2d3       100%        4
 Yara's Violent Unravell  Hex/Tmut       0%         3d3       100%        5
 Enfeeble                 Hex            0%         N/A       100%        7


Dungeon Overview and Level Annotations

Branches:
Dungeon (11/15)            Temple (0/1) D:6            Lair (0/5) D:10
  Sewer (visited)
    Orc: D:9-12

Altars:
Ashenzari
Dithmenos
Hepliaklqana
Okawaru
Ru
Trog
Yredelemnul

Shops:
D:9 ([(:

Annotations:
D:4 1 runed translucent door, gdog's ghost, amateur GnDe
D:10 Sonja


Innate Abilities, Weirdness & Mutations

((You are very nimble when in or above water. (Stealth+, EV+, Speed+++)))
Your lower body shifts to a powerful aquatic tail in water.


Message History

The will-o-the-wisp gives a chilling moan.
You plunge deeper into the Abyss.
The abyssal rune of Zot can be found at this depth.
The abyssal matter surrounding you shimmers strangely.
You detect the abyssal rune!
Your hands slow down.
You start resting.
Magic restored.
You start resting.
A starcursed mass comes into view.
You are too injured to fight recklessly!
You are too injured to fight recklessly!
You are too injured to fight recklessly!
A sixfirhy comes into view.
As you read the scroll of teleportation, it crumbles to dust.
You feel strangely unstable.
You feel the power of the Abyss delaying your translocation!
The sixfirhy hits you but does no damage.
The sixfirhy hits you. The sixfirhy shocks you!
* * * LOW HITPOINT WARNING * * *
The sixfirhy hits you.
* * * LOW HITPOINT WARNING * * *
The sixfirhy shocks you!
* * * LOW HITPOINT WARNING * * *
You feel better. The small abomination hits you!
* * * LOW HITPOINT WARNING * * *
Unknown command.
What are your orders? t - Shout!
Orders for allies: a - Attack new target. r - Retreat! s - Stop attacking. g - Guard the area. f - Follow me.
Anything else - Cancel.
Okay, then.
You feel better.
Unknown command.
The sixfirhy barely misses you. The sixfirhy hits you.
* * * LOW HITPOINT WARNING * * *
The sixfirhy shocks you!
You die...

# #.# ..# ..
..#.#. . ..
#####..... .. ..
#......... . ...
..
#.@......###.....
.
#.3§...#.##..♣..
. #.x....##...
.... . #.#..#....
.. ... #....###..
.... .
#.............#..
. #####.##..# # .
.. #..##...# ..
#......## ..


You could see a sixfirhy and a small abomination.

Vanquished Creatures
  A two-headed ogre (D:11)
  A vampire (D:9)
  3 wyverns (D:10)
  13 yaks
  3 steam dragons (D:8)
  8 water moccasins
  An orc warrior (D:8)
  2 black bears
  4 sky beasts (D:7)
  Pargi (Sewer)
  An ogre (D:5)
  2 ice beasts
  2 centaurs (D:9)
  A phantom (D:5)
  A kobold brigand (D:7)
  4 bullfrogs
  3 gnoll sergeants
  6 scorpions
  9 wights
  8 killer bees (D:9)
  2 howler monkeys
  3 hounds
  3 jellies
  Crazy Yiuf (D:7)
  3 orc priests
  4 iguanas
  8 orc wizards
  Ijyb (D:3)
  15 gnolls
  7 adders
  A river rat (D:6)
  2 white imps (D:6)
  An ufetubus (D:5)
  4 worms
  A dart slug (D:3)
  22 orcs
  7 endoplasms
  4 giant cockroaches
  5 goblins
  A hobgoblin (D:1)
  2 jackals (D:1)
  4 quokkas
  8 ball pythons
  8 bats
  10 frilled lizards
  11 kobolds
  6 rats
218 creatures vanquished.

Vanquished Creatures (others)
  8 fungi
  13 plants (D:10)
  2 withered plants (D:4)
23 creatures vanquished.

Grand Total: 241 creatures vanquished

Notes
Turn   | Place    | Note
-------+----------+-------------------------------------------
     0 | D:1      | rougesareth the Merfolk Gladiator began the quest for the
                  | Orb.
     0 | D:1      | Reached XP level 1. HP: 16/16 MP: 1/1
    37 | D:1      | Reached XP level 2. HP: 21/23 MP: 2/2
   545 | D:1      | Reached XP level 3. HP: 28/28 MP: 3/3
   876 | D:2      | Reached skill level 5 in Polearms
   966 | D:2      | Found a faded altar of an unknown god.
   972 | D:2      | Got Plato's Encyclopedia of Too Many Cooks
  1170 | D:3      | Noticed Ijyb
  1178 | D:3      | Killed Ijyb
  1179 | D:3      | Reached XP level 4. HP: 35/35 MP: 4/4
  1367 | D:3      | Noticed a scorpion
  1377 | D:3      | Killed a scorpion
  1378 | D:3      | Reached skill level 6 in Polearms
  1378 | D:3      | Reached skill level 5 in Dodging
  1378 | D:3      | Reached XP level 5. HP: 30/41 MP: 5/5
  1945 | D:3      | Found a broken altar of Ashenzari.
  1946 | D:3      | Found a basalt altar of Yredelemnul.
  2133 | D:3      | Found a hazy altar of Hepliaklqana.
  2224 | D:4      | Found a runed translucent door.
  2224 | D:4      | Noticed gdog's ghost (amateur GnDe)
  2447 | D:4      | Reached XP level 6. HP: 46/48 MP: 6/6
  2574 | D:4      | Found a bloodstained altar of Trog.
  2869 | D:3      | Found a shadowy altar of Dithmenos.
  2900 | D:5      | Entered Level 5 of the Dungeon
  2909 | D:5      | Noticed an ice beast
  2917 | D:5      | Killed an ice beast
  2918 | D:5      | Reached skill level 7 in Polearms
  2991 | D:5      | Noticed a black bear
  3001 | D:5      | Killed a black bear
  3008 | D:5      | Reached XP level 7. HP: 34/54 MP: 7/7
  3196 | D:5      | Reached skill level 1 in Armour
  3213 | D:5      | Reached skill level 8 in Polearms
  3438 | D:5      | Found an iron altar of Okawaru.
  3451 | D:5      | Became a worshipper of Warmaster Okawaru
  3613 | D:5      | Reached skill level 9 in Polearms
  3613 | D:5      | Reached XP level 8. HP: 21/60 MP: 8/8
  4148 | D:5      | Reached skill level 1 in Shields
  4392 | D:6      | Reached * piety under Okawaru
  4682 | D:6      | Found a glowing drain.
  4686 | Sewer    | Entered a sewer
  4837 | Sewer    | Noticed Pargi
  4844 | Sewer    | Killed Pargi
  4845 | Sewer    | Reached skill level 10 in Polearms
  4946 | D:6      | Found a staircase to the Ecumenical Temple.
  6641 | D:7      | Reached XP level 9. HP: 49/65 MP: 9/9
  6671 | D:7      | Reached skill level 11 in Polearms
  6983 | D:7      | Reached ** piety under Okawaru
  7188 | D:7      | Found a sacrificial altar of Ru.
  7620 | D:7      | Reached skill level 12 in Polearms
  7725 | D:7      | Found a runed translucent door.
  7726 | D:7      | Noticed Crazy Yiuf
  7733 | D:7      | Killed Crazy Yiuf
  8041 | D:8      | Reached skill level 13 in Polearms
  8315 | D:8      | Reached skill level 1 in Invocations
  8315 | D:8      | Reached XP level 10. HP: 57/71 MP: 10/10
  8406 | D:8      | Reached *** piety under Okawaru
  8972 | D:9      | Reached skill level 14 in Polearms
  8986 | D:9      | Reached skill level 5 in Armour
  9041 | D:9      | Found Enkefos's Book Shoppe.
  9065 | D:9      | Found Pepifynk's Weapon Boutique.
  9240 | D:9      | Found Geix's Weapon Boutique.
  9299 | D:9      | Reached **** piety under Okawaru
  9558 | D:9      | Found Ruuv's Antique Armour Emporium.
  9686 | D:10     | Entered Level 10 of the Dungeon
  9786 | D:10     | Reached skill level 15 in Polearms
  9899 | D:10     | Noticed Sonja
  9908 | D:10     | Found a staircase to the Lair.
  9978 | D:11     | Noticed a two-headed ogre
  9991 | D:11     | Killed a two-headed ogre
  9991 | D:11     | Reached ***** piety under Okawaru
  9992 | D:11     | Reached skill level 5 in Invocations
  9992 | D:11     | Reached XP level 11. HP: 48/77 MP: 11/14
 10258 | D:10     | Reached skill level 16 in Polearms
 10432 | Abyss:2  | Cast into level 2 of the Abyss (Sonja)
 10440 | Abyss:2  | Noticed a will-o-the-wisp
 10478 | Abyss:3  | Noticed a starcursed mass
 10485 | Abyss:3  | Noticed a sixfirhy
 10489 | Abyss:3  | HP: 1/77 [sixfirhy (10)]
 10492 | Abyss:3  | Slain by a sixfirhy

Illustrated notes

Levels and vault maps discovered:
D:1:      grunt_arrival_lava_bath, layout_rooms, minmay_3d_cube
D:2:      layout_rooms, shapermc_ecumenical_altar_rom_forum
D:3:      layout_loops_cross, nicolae_overflow_hidden_temple,
          minmay_crystal_water, uniq_ijyb
D:4:      nicolae_cairo_tiling_large_dashed, layout_gridville,
          general_overflow_altar, gammafunk_ghost_grave
D:5:      layout_cave_pods, kennysheep_okawaru_gauntlet
D:6:      layout_basic, temple_doors_e, lightli_sewer_entry_pipes
D:7:      layout_rooms, marbit_many_paths, kennysheep_generic_room_12,
          uniq_crazy_yiuf_cottage
D:8:      layout_basic
D:9:      layout_loops_ring, serial_shops, kennysheep_mini, shop,
          nicolae_shop_stone, shop
D:10:     layout_roguey, vehumet_altar_wand_db, minmay_lair_entry_grove,
          uniq_sonja
D:11:     layout_cave_pools, serial_shops, nicolae_shop_trees,
          minmay_beelzebubs_servants
Abyss:3:  base: D:7, evilmike_abyss_rune_tso_outpost

Skill      XL: |  1  2  3  4  5  6  7  8  9 10 11 |
---------------+----------------------------------+-----
Polearms       | 5 6 7 9 10 13 15 16 | 16.0
Fighting       | 3 4 |  4.0
Dodging        | 5 6 7 8 |  8.0
Armour         | 2 3 4 5 |  5.9
Shields        | 2 4 |  4.0
Invocations    | 1 5 |  5.6
Throwing       | |  2.0

Action                   |  1- 3 |  4- 6 |  7- 9 | 10-12 || total
-------------------------+-------+-------+-------+-------++-------
Melee: Trident           |   109 |   139 |   346 |   299 ||   893
       Tailslap          |       |       |     6 |       ||     6
Throw: Javelin           |       |       |       |     3 ||     3
       Throwing net      |       |       |       |     3 ||     3
Invok: Heroism           |       |       |       |     2 ||     2
       Finesse           |       |       |       |     1 ||     1
  Use: Scroll            |       |       |     7 |     2 ||     9
       Potion            |       |       |       |     6 ||     6
 Stab: Sleeping          |       |       |     1 |       ||     1
Armor: Leather armour    |    20 |       |       |       ||    20
       Ring mail         |    12 |    58 |    88 |    84 ||   242
Dodge: Dodged            |    63 |    64 |   148 |   120 ||   395
Block: Buckler           |       |       |    44 |    45 ||    89

Table legend: (Time is in decaauts)
 A = Elapsed time spent in this place.
 B = Non-inter-level travel time spent in this place.
 C = Inter-level travel time spent in this place.
 D = Time resting spent in this place.
 E = Time spent auto-exploring this place.
 F = Levels seen in this place.
 G = Mean time per level.
                   A        B        C        D        E       F      G
               +--------+--------+--------+--------+--------+-----+--------+
         Total |  10257 |   9987 |    270 |   2360 |   5724 |  14 |  732.6 |
       Dungeon |  10033 |   9763 |    270 |   2329 |   5610 |  11 |  912.1 |
         Abyss |     64 |     64 |      0 |     31 |      0 |   2 |   32.0 |
         Sewer |    158 |    158 |      0 |      0 |    114 |   1 |  158.0 |
               +--------+--------+--------+--------+--------+-----+--------+

Top non-repeatable levels by time:
     D:6: 2382 daAuts
     D:5: 1360 daAuts
     D:3: 1015 daAuts
     D:8: 988 daAuts
     D:7: 881 daAuts
     D:9: 814 daAuts
     D:4: 711 daAuts
     D:1: 696 daAuts
    D:10: 618 daAuts
     D:2: 479 daAuts
   Sewer: 158 daAuts
    D:11: 85 daAuts
 Abyss:3: 49 daAuts
 Abyss:2: 14 daAuts
